 Dungeon Crawl Stone Soup version 0.29-a0-22-gbf593b16ee (webtiles) character file.

Game seed: 12042055813663383259

314 Hasart the Insei (level 6, 0/39 HPs)
             Began as an Octopode Transmuter on Jan 29, 2022.
             Slain by a hound (2 damage)
             ... on level 4 of the Dungeon.
             The game lasted 00:05:39 (3860 turns).

Hasart the Insei (Octopode Transmuter)              Turns: 3860, Time: 00:05:39

Health: 0/39       AC:  1    Str: 10    XL:     6   Next: 43%
Magic:  6/9        EV: 17    Int: 17    God:
Gold:   137        SH:  0    Dex: 12    Spells: 0/10 levels left

rFire   . . .      SeeInvis .     - Unarmed
rCold   . . .      Faith    .   (no shield)
rNeg    . . .      Spirit   .   (helmet restricted)
rPois   .          Reflect  .   (no amulet)
rElec   .          Harm     .   c - +4 ring of evasion
rCorr   .          Rampage  .   (no ring)
Will    .....                   (no ring)
Stlth   ++........              (no ring)
HPRegen 0.13/turn               (no ring)
MPRegen 0.11/turn               (no ring)
                                (no ring)
                                (no ring)

@: wereblooded
A: almost no armour, amphibious, 8 rings, camouflage 1, gelatinous body 1,
(nimble swimmer 1), tentacles
a: no special abilities


You were on level 4 of the Dungeon.
You visited 1 branch of the dungeon, and saw 4 of its levels.

You collected 137 gold pieces.

Inventory:

Missiles
 i - 6 poisoned darts
Jewellery
 c - a +4 ring of evasion (left tentacle)
Wands
 n - a wand of digging (6)
Scrolls
 e - 2 scrolls of enchant weapon {unknown}
 f - a scroll of immolation {unknown}
 g - 2 scrolls of identify {unknown}
 k - a scroll of magic mapping {unknown}
 l - a scroll of summoning {unknown}
 m - 3 scrolls of teleportation {unknown}
Potions
 a - 2 potions of mutation {unknown}
 b - 2 potions of haste {unknown}
 d - 6 potions of curing {unknown}
 h - a potion of flight {unknown}
 j - a potion of lignification {unknown}
 o - a potion of heal wounds {unknown}
 p - 2 potions of brilliance {unknown}


   Skills:
 + Level 2.0 Fighting
 + Level 1.4 Throwing
 + Level 3.0 Dodging
 * Level 4.5 Unarmed Combat
 + Level 2.6 Spellcasting
 + Level 2.9 Transmutations
 + Level 0.5 Ice Magic
 + Level 2.0 Poison Magic
 + Level 1.0 Evocations


You couldn't memorise any spells.
You knew the following spells:

 Your Spells              Type           Power      Damage    Failure   Level
a - Beastly Appendage     Tmut           24%        N/A       5%          1
b - Wereblood             Tmut           12%        N/A       9%          2
c - Spider Form           Tmut/Pois      10%        N/A       21%         3
d - Ice Form              Ice/Tmut       8%         N/A       65%         4

Your spell library contained the following spells:

 Spells                   Type           Power      Damage    Failure   Level
 Inner Flame              Hex/Fire       2%         N/A       50%         3
 Cause Fear               Hex            1%         N/A       88%         4
 Discord                  Hex            1%         N/A       100%        8


Dungeon Overview and Level Annotations

Branches:
Dungeon (4/15)
 Temple: D:4-7

Altars:
Vehumet


Innate Abilities, Weirdness & Mutations

You cannot wear most types of armour.
You are amphibious.
You can wear up to eight rings at the same time.
Your skin changes colour to match your surroundings (Stealth+).
Your rubbery body absorbs attacks. (AC +1, EV +1)
((You are camouflaged when in or above water. (Stealth+)))
You have tentacles for arms and can constrict up to eight enemies at once.


Message History

You hiss as the wereblood boils in your veins!
The hound bites you. The endoplasm freezes you.
You are frozen.
The worm barely misses you.
You hit the worm.
The worm is almost dead.
The hound misses you. The endoplasm freezes you.
You are frozen.
* * * LOW HITPOINT WARNING * * *
The hound barely misses you.
You hit the worm but do no damage.
The worm looks as sick as possible!
The worm is almost dead.
You hiss as the wereblood boils in your veins!
You feel a bit better.
You kill the worm!
The hound bites you.
* * * LOW HITPOINT WARNING * * *
The endoplasm misses you.
You closely miss the hound.
The hound is lightly wounded.
The hound misses you. The endoplasm misses you.
Unknown command.
You hit the hound.
The hound is poisoned.
The hound is moderately wounded.
The hound bites you but does no damage. The endoplasm freezes you.
You are frozen.
* * * LOW HITPOINT WARNING * * *
The hound bites you.
* * * LOW HITPOINT WARNING * * *
You hit the hound.
The hound looks even sicker.
The hound is heavily wounded.
The hound closely misses you. The endoplasm closely misses you.
Unknown command.
You completely miss the hound.
The hound is heavily wounded.
Your transformation has ended.
The hound closely misses you. The endoplasm misses you. The hound bites you.
You die...

#### ..$###
...#.#.
###.......
###..>......
#...........
#.Jh)#..##.
##†@.......
##...####...
#...## ##..##
###....##
###.......##
#.....(.......
#......##.....
#.............


You could see a hound (very poisoned) and an endoplasm.

Vanquished Creatures
  A scorpion (D:4)
  An orc priest (D:4)
  A jelly (D:4)
  An orc wizard (D:4)
  A killer bee zombie (D:4)
  3 gnolls (D:3)
  4 adders
  A worm (D:4)
  2 dart slugs
  7 orcs
  3 bats
  7 endoplasms
  4 giant cockroaches
  8 goblins
  2 hobgoblins (D:1)
  8 jackals
  3 quokkas
  6 ball pythons
  2 frilled lizards (D:1)
  6 kobolds
  5 rats
  A spectral hobgoblin (D:2)
77 creatures vanquished.

Vanquished Creatures (others)
  A plant (D:1)
1 creature vanquished.

Grand Total: 78 creatures vanquished

Notes
Turn   | Place    | Note
-------+----------+-------------------------------------------
     0 | D:1      | Hasart the Octopode Transmuter began the quest for the Orb.
     0 | D:1      | Reached XP level 1. HP: 13/13 MP: 3/3
   296 | D:1      | Reached XP level 2. HP: 14/18 MP: 5/5
   997 | D:1      | Reached XP level 3. HP: 23/23 MP: 6/6
  1000 | D:1      | Learned a level 2 spell: Wereblood
  1004 | D:1      | Learned a level 3 spell: Spider Form
  1744 | D:2      | Found a radiant altar of Vehumet.
  1840 | D:2      | Reached XP level 4. HP: 26/28 MP: 7/7
  1903 | D:2      | Reached skill level 1 in Poison Magic
  2194 | D:2      | Found a faded altar of an unknown god.
  2352 | D:3      | Reached XP level 5. HP: 18/34 MP: 5/8
  2540 | D:3      | Reached skill level 4 in Unarmed Combat
  2822 | D:4      | Reached skill level 1 in Throwing
  3179 | D:3      | Reached XP level 6. HP: 14/39 MP: 6/9
  3184 | D:3      | Learned a level 4 spell: Ice Form
  3411 | D:4      | Reached skill level 1 in Evocations
  3459 | D:4      | HP: 1/39 [acid (3)]
  3860 | D:4      | Slain by a hound

Illustrated notes

Levels and vault maps discovered:
D:1:      evilmike_arrival_fibonacci_small, layout_loops_corners, serial_bayou,
          serial_bayou_pond_d, serial_bayou_lagoon_a, serial_bayou_pond_e,
          serial_bayou_ford_a, minmay_box_of_dots
D:2:      minmay_wonky_spiral, layout_rooms, basic_altar,
          dreamdust_ecumenical_altar_drowned_temple, grunt_decor_one_mirror,
          kennysheep_generic_room_6
D:3:      layout_rooms
D:4:      layout_cave_pools, temple_hall

Skill      XL: |  1  2  3  4  5  6 |
---------------+-------------------+-----
Poison Magic   | 1 2 |  2.0
Unarmed Combat | 4 |  4.5
Throwing       | 1 |  1.4
Fighting       | 2 |  2.0
Dodging        | 3 |  3.0
Evocations     | 1 |  1.0
Spellcasting   | |  2.6
Transmutations | |  2.9
Ice Magic      | |  0.5

Action                   |  1- 3 |  4- 6 || total
-------------------------+-------+-------++-------
Melee: Unarmed           |   101 |    87 ||   188
       Constrict         |    25 |    17 ||    42
       Tentacles         |    15 |    17 ||    32
       Punch             |     2 |     3 ||     5
       Kick              |     6 |    12 ||    18
 Cast: Beastly Appendage |     2 |     4 ||     6
       Wereblood         |     2 |     5 ||     7
       Spider Form       |       |     3 ||     3
 Stab: Sleeping          |     5 |       ||     5
Armor: Skin              |    11 |     3 ||    14
Dodge: Dodged            |    69 |    74 ||   143

Table legend: (Time is in decaauts)
 A = Elapsed time spent in this place.
 B = Non-inter-level travel time spent in this place.
 C = Inter-level travel time spent in this place.
 D = Time resting spent in this place.
 E = Time spent auto-exploring this place.
 F = Levels seen in this place.
 G = Mean time per level.
                   A        B        C        D        E       F      G
               +--------+--------+--------+--------+--------+-----+--------+
         Total |   3847 |   3771 |     76 |    536 |   2681 |   4 |  961.8 |
       Dungeon |   3847 |   3771 |     76 |    536 |   2681 |   4 |  961.8 |
               +--------+--------+--------+--------+--------+-----+--------+

Top non-repeatable levels by time:
     D:1: 1567 daAuts
     D:3: 873 daAuts
     D:2: 759 daAuts
     D:4: 647 daAuts
